 Dungeon Crawl Stone Soup version 0.17.1-2-g5865329 (webtiles) character file.

160689 abixa the Severer (level 17, -10/163 HPs)
             Began as a Hill Orc Gladiator on Jan 10, 2016.
             Was the Champion of Okawaru.
             Hit by a javelin thrown by a merfolk javelineer (13 damage)
             ... on level 1 of the Shoals on Jan 11, 2016.
             The game lasted 02:25:04 (33101 turns).

abixa the Severer (Hill Orc Gladiator)             Turns: 33101, Time: 02:25:04

Health: -10/163    AC: 34    Str: 17    XL:     17   Next: 77%
Magic:  0/42       EV: 18    Int: 16    God:    Okawaru [******]
Gold:   2533       SH:  0    Dex: 17    Spells: 0 memorised, 16 levels left

rFire  + + .     SeeInvis +     A - +11 battleaxe of Judgement {chop, rF+ Int+4 SInv}
rCold  + . .     Clarity  .     z - +8 chain mail of Toqoah {MP+9 Str+2 Int+2}
rNeg   . . .     SustAt   .     (shield currently unavailable)
rPois  .         Gourm    .     C - +1 hat {Spirit}
rElec  .         Spirit   +     I - +1 cloak
rCorr  .         Warding  .     R - +2 pair of gloves of the Shining Light {MP+9 Str-5 Dex+3 Stlth+}
rMut   .         Stasis   .     t - +1 pair of boots {Fly}
MR     +....                    g - amulet of faith
Stlth  +.........               E - ring of protection from cold
                                e - ring of protection from fire

@: lethally poisoned (-10 -> -10), heroism, flying, very slightly contaminated,
invisible, somewhat resistant to hostile enchantments, very unstealthy
A: clever 1, clumsy 1, regeneration 1
a: Heroism, Finesse, Renounce Religion, Stop Flying


You were on level 1 of the Shoals.
You worshipped Okawaru.
Okawaru was exalted by your worship.
You were not hungry.

You visited 5 branches of the dungeon, and saw 29 of its levels.
You visited the Abyss 1 time.
You also visited: Sewer, Bailey and Ice Cave.

You collected 3194 gold pieces.
You spent 661 gold pieces at shops.

Inventory:

Hand Weapons
 a - a +0 blowgun
 A - the +11 battleaxe of Judgement (weapon) {chop, rF+ Int+4 SInv}
   (Okawaru gifted it to you on level 4 of the Orcish Mines)

   It inflicts extra damage upon your enemies.
   It affects your intelligence (+4).
   It protects you from fire.
   It lets you see invisible.
 Y - the +8 battleaxe "Lucsos" {freeze, +Fly rElec Str+9 Stlth+}
   (Okawaru gifted it to you on level 1 of the Abyss)

   It has been specially enchanted to freeze those struck by it, causing extra
   injury to most foes and up to half again as much damage against particularly
   susceptible opponents.
   It can also slow down cold-blooded creatures.
   It affects your strength (+9).
   It insulates you from electricity.
   It lets you fly.
   It makes you more stealthy.
Missiles
 d - 6 throwing nets (quivered)
 K - 5 tomahawks of dispersal
 U - 3 curare-tipped needles
Armour
 t - a +1 pair of boots of flying (worn)
 z - the +8 chain mail of Toqoah (worn) {MP+9 Str+2 Int+2}
   (You bought it in a shop on level 4 of the Orcish Mines)

   It affects your strength (+2).
   It affects your intelligence (+2).
   It affects your magic capacity (+9).
 C - a +1 hat of spirit shield (worn)
 I - a +1 cloak (worn)
 R - the +2 pair of gloves of the Shining Light (worn) {MP+9 Str-5 Dex+3 Stlth+}
   (You found it in a bailey)

   It affects your strength (-5).
   It affects your dexterity (+3).
   It affects your magic capacity (+9).
   It makes you more stealthy.
Jewellery
 e - a ring of protection from fire (left hand)
 g - an amulet of faith (around neck)
 E - a ring of protection from cold (right hand)
Wands
 c - a wand of paralysis (15)
 n - a wand of digging (6)
 G - a wand of disintegration (9)
Scrolls
 o - 2 scrolls of immolation
 q - 14 scrolls of teleportation
 w - 5 scrolls of fear
 y - 11 scrolls of remove curse
 D - 9 scrolls of blinking
 L - 3 scrolls of magic mapping
 O - 2 scrolls of fog
 V - 2 scrolls of identify
Potions
 b - 8 potions of curing
 H - a potion of resistance
 J - 9 potions of haste
 N - 2 potions of cancellation
 P - 3 potions of might
Comestibles
 f - a bread ration
 r - 57 fruits


   Skills:
 + Level 17.7(22.7) Fighting
 - Level 20.0(25.0) Axes
 - Level 1.7(6.7) Throwing
 + Level 16.6(21.6) Armour
 + Level 11.9(16.9) Dodging
 - Level 10.0 Invocations


You had 16 spell levels left.
You didn't know any spells.

Dungeon Overview and Level Annotations

Branches:
Dungeon (15/15)            Temple (1/1) D:5            Lair (8/8) D:8
 Shoals (1/4) Lair:5       Spider (0/4) Lair:4        Slime (0/6) Lair:6
    Orc (4/4) D:9             Elf (0/3) Orc:4        Vaults (0/5) D:13
 Depths (0/5) D:15

Altars:
Ashenzari
Cheibriados
Dithmenos
Elyvilon
Fedhas
Gozag
Kikubaaqudgha
Makhleb
Nemelex Xobeh
Okawaru
Qazlal
Ru
Sif Muna
Trog
Vehumet
Xom
Yredelemnul
Zin
The Shining One
Beogh

Shops:
D:5 *   D:9 (   D:11 :   D:14 %   Orc:2 (=   Orc:3 %   Orc:4 ([*:


Innate Abilities, Weirdness & Mutations

Your mind is acute. (Int +2)
You are clumsy. (Dex -2)
Your natural rate of healing is unusually fast.


Message History

You feel sick.
You feel sick.
The merfolk javelineer throws a javelin.
The javelin hits you!!
* * * LOW HITPOINT WARNING * * *
You hear a splash.
Drink which item? (? for menu, Esc to quit)
Okay, then.
Unknown command.
You feel sick.
The merfolk javelineer throws a javelin.
The javelin closely misses you.
You feel sick.
The merfolk javelineer throws a javelin.
The javelin closely misses you.
You hear a splash.
You feel sick.
The merfolk javelineer throws a javelin.
The javelin hits you!!
You die...

≈≈≈≈≈≈≈≈≈≈..
≈≈≈≈≈≈≈≈≈≈≈≈≈≈≈≈≈≈≈≈≈≈≈≈≈
m≈≈≈≈≈≈≈≈≈≈≈≈≈≈≈≈≈≈≈≈≈≈≈≈
≈≈≈≈≈≈≈≈≈≈≈≈≈≈≈≈≈≈≈≈≈≈≈≈≈
≈≈≈≈≈≈≈≈≈≈≈≈≈≈≈≈≈≈≈≈≈≈≈≈≈
≈≈≈≈≈≈≈≈≈≈≈≈≈≈≈≈≈≈≈≈≈≈≈≈≈
≈≈≈≈≈≈≈≈≈≈≈≈≈≈≈≈≈≈≈≈≈≈≈≈≈
≈≈≈≈≈≈≈≈≈≈m≈≈≈≈≈≈≈≈≈≈≈≈≈≈
≈≈≈≈≈≈≈≈≈≈≈≈≈≈≈≈≈@≈≈≈≈≈≈≈
#########################


You could see a merfolk javelineer.

Vanquished Creatures
  An ancient lich (Abyss:1)
  An Executioner (Abyss:1)
  5 tentacled starspawn (Abyss:1)
  Gastronok (D:12)
  Kirke (Lair:8)
  A deep elf sorcerer (Abyss:1)
  Maud (D:10)
  2 orc warlords
  A draconian scorcher (Abyss:1)
  3 very ugly things (Abyss:1)
  Azrael (D:13)
  A dire elephant (D:15)
  An eidolon (Abyss:1)
  Snorg (Lair:7)
  A merfolk impaler (Shoals:1)
  2 vault guards (D:13)
  Josephine (D:14)
  The ghost of JustSomeDude the Spear-Bearer, a journeyman DsMo (Orc:4)
  Fannar (Lair:2)
  2 catoblepae (Lair:8)
  A rakshasa (Abyss:1)
  8 hydras
  A centaur warrior (D:15)
  Erolcha (D:10)
  A merfolk aquamancer (Shoals:1)
  4 death yaks (Lair:8)
  An ogre mage (D:15)
  A deep troll shaman (Lair:8)
  A thrashing horror (Abyss:1)
  A hell hog (Abyss:1)
  4 orc high priests (Orc:4)
  Nergalle (D:10)
  7 wretched stars (Abyss:1)
  2 unseen horrors
  An ice devil (IceCv)
  A wolf spider zombie (D:14)
  An obsidian statue (Lair:5)
  4 wizards
  5 orc knights
  7 hill giants
  2 necromancers (D:13)
  A lindwurm (Lair:8)
  An anaconda skeleton (Abyss:1)
  An oklob plant (Lair:7)
  A fire giant zombie (Abyss:1)
  3 griffons
  6 cyclopes
  3 orc sorcerers
  A faun (Shoals:1)
  17 ugly things
  2 manticores
  2 worldbinders (Abyss:1)
  17 elephants
  2 sirens
  10 black mambas
  A torpor snail (Lair:4)
  2 ice statues (IceCv)
  A centaur zombie (D:14)
  A smoke demon (Abyss:1)
  8 spiny frogs
  A demonic crawler (Abyss:1)
  4 fire drakes
  An efreet (D:13)
  4 kobold demonologists
  6 komodo dragons
  4 hellwings (Abyss:1)
  An ancient zyme (Abyss:1)
  2 polar bears
  6 large abominations (Abyss:1)
  A wind drake (Shoals:1)
  2 merfolk
  2 trolls (Orc:4)
  8 two-headed ogres
  8 blue devils (IceCv)
  A snapping turtle (Shoals:1)
  14 blink frogs
  3 deep elf magi
  4 raiju (Abyss:1)
  A boulder beetle (Lair:7)
  4 trapdoor spiders
  6 wraiths
  7 slime creatures
  5 wyverns
  59 yaks
  7 fire elementals (D:13)
  6 ynoxinuls (Abyss:1)
  A shadow (D:11)
  A vampire (D:15)
  A water elemental (Shoals:1)
  A trapdoor spider (shapeshifter) (D:15)
  3 hogs (Lair:8)
  18 humans (D:13)
  Eustachio (D:4)
  5 basilisks
  2 chaos spawn (Abyss:1)
  Grum (D:10)
  7 vampire mosquitoes
  8 small abominations (Abyss:1)
  8 hippogriffs
  A hungry ghost (Abyss:1)
  3 neqoxecs (Abyss:1)
  Menkaure (D:4)
  19 wolves
  3 hell hounds
  2 mottled dragons
  10 porcupines
  Duvessa (D:4)
  16 water moccasins
  11 ice beasts
  A hydra simulacrum (Abyss:1)
  3 sky beasts
  A phantom (D:9)
  4 black bears
  48 orc warriors
  30 ogres
  An eye of draining (D:13)
  2 wasps
  An eye of draining (shapeshifter) (D:14)
  10 centaurs
  12 crocodiles
  A brain worm (Abyss:1)
  Blork the orc (D:4)
  15 big kobolds
  10 giant frogs
  7 scorpions
  2 wyvern skeletons
  Dowan (D:4)
  21 killer bees
  2 electric eels (Lair:5)
  43 orc priests
  12 crimson imps
  17 wights
  4 centaur skeletons
  2 iron imps (Abyss:1)
  9 jellies
  48 orc wizards
  5 giant frog skeletons
  6 iguanas
  8 hounds
  A gnoll shaman (D:6)
  14 worker ants
  36 sheep
  A hound skeleton (D:7)
  A worker ant zombie (D:5)
  20 gnolls
  93 river rats
  5 shadow imps
  16 adders
  7 white imps (IceCv)
  7 ufetubi (IceCv)
  5 oozes
  7 worms
  3 adder skeletons
  201 orcs
  4 ball pythons
  14 goblins
  8 hobgoblins
  15 jackals
  53 kobolds
  A quokka (D:2)
  7 bats
  6 giant cockroaches
  A giant cockroach zombie (D:6)
  7 giant geckos
  A giant gecko skeleton (D:4)
  4 giant newts
  A jackal skeleton (D:4)
  8 rats
  9 fungi
  7 plants
  7 starspawn tentacles (Abyss:1)
  A starspawn tentacle segment (Abyss:1)
1353 creatures vanquished.

Vanquished Creatures (others)
  An orc priest (D:10)
  2 white imps (IceCv)
  2 ufetubi
  An orc (D:10)
  2 kobolds (D:12)
  12 fungi
  3 plants (Lair:8)
  10 starspawn tentacles (Abyss:1)
  88 starspawn tentacle segments (Abyss:1)
121 creatures vanquished.

Grand Total: 1474 creatures vanquished

Notes
Turn   | Place    | Note
--------------------------------------------------------------
     0 | D:1      | abixa the Hill Orc Gladiator began the quest for the Orb.
     0 | D:1      | Reached XP level 1. HP: 18/18 MP: 1/1
    96 | D:1      | Reached XP level 2. HP: 19/25 MP: 2/2
   127 | D:1      | Reached skill level 5 in Axes
   408 | D:1      | Reached XP level 3. HP: 30/30 MP: 3/3
   709 | D:2      | Reached skill level 6 in Axes
   754 | D:2      | Reached XP level 4. HP: 18/37 MP: 4/4
  1186 | D:2      | Found a faded altar to an unknown god.
  1757 | D:3      | Found a glowing drain.
  1762 | Sewer    | Entered a sewer
  1782 | Sewer    | Noticed a big kobold
  1798 | Sewer    | Killed a big kobold
  1798 | Sewer    | Reached skill level 7 in Axes
  1798 | Sewer    | Reached XP level 5. HP: 39/42 MP: 5/5
  1867 | Sewer    | Noticed a big kobold
  1891 | Sewer    | Killed a big kobold
  1891 | Sewer    | Reached skill level 8 in Axes
  1891 | Sewer    | Reached skill level 1 in Armour
  1891 | Sewer    | Reached XP level 6. HP: 47/50 MP: 6/6
  2016 | Sewer    | Noticed a big kobold
  2031 | Sewer    | Killed a big kobold
  2292 | Sewer    | Noticed a big kobold
  2311 | Sewer    | Killed a big kobold
  2589 | Sewer    | Noticed a big kobold
  2605 | Sewer    | Reached XP level 7. HP: 32/58 MP: 7/7
  2618 | Sewer    | Killed a big kobold
  3310 | D:4      | Noticed Eustachio
  3457 | D:4      | Reached skill level 9 in Axes
  3602 | D:4      | Noticed Blork the orc
  3670 | D:4      | Killed Blork the orc
  3761 | D:4      | Reached XP level 8. HP: 46/67 MP: 8/8
  3914 | D:4      | Reached skill level 5 in Fighting
  3914 | D:4      | Reached skill level 5 in Armour
  4130 | D:4      | Killed Eustachio
  4311 | D:4      | Noticed Menkaure
  4324 | D:4      | Killed Menkaure
  4746 | D:4      | Noticed Dowan
  4747 | D:4      | Noticed Duvessa
  4763 | D:4      | Killed Dowan
  4862 | D:4      | Killed Duvessa
  5098 | D:4      | Reached skill level 10 in Axes
  5111 | D:4      | Found a radiant altar of Vehumet.
  5221 | D:5      | Entered Level 5 of the Dungeon
  5240 | D:5      | Found a staircase to the Ecumenical Temple.
  5249 | Temple   | Entered the Ecumenical Temple
  5275 | Temple   | Became a worshipper of Warmaster Okawaru
  5937 | D:5      | Found Jegeh's Assorted Antiques.
  5945 | D:5      | Bought a scroll labeled NAIKI KOEBB for 30 gold pieces
  5945 | D:5      | Bought 2 scrolls labeled NAIKI KOEBB for 60 gold pieces
  5945 | D:5      | Bought a scroll labeled GIPOTE JAGISTRU for 30 gold pieces
  6052 | D:5      | Bought an encrusted agate ring for 150 gold pieces
  6123 | D:5      | Reached XP level 9. HP: 52/78 MP: 9/9
  6127 | D:5      | Reached skill level 11 in Axes
  6370 | D:6      | Reached * piety under Okawaru
  6477 | D:6      | Got a faintly glowing lead amulet
  6478 | D:6      | Identified the amulet of Puthobatt {Gourm Str+3 Int+4 Slay+2} (You found it on level 6 of the Dungeon)
  6497 | D:6      | Reached skill level 12 in Axes
  7341 | D:7      | Reached skill level 13 in Axes
  8046 | D:7      | Reached skill level 14 in Axes
  8054 | D:7      | Reached ** piety under Okawaru
  8417 | D:8      | Reached XP level 10. HP: 84/84 MP: 10/10
  8687 | D:8      | Reached skill level 15 in Axes
  8688 | D:8      | Found a staircase to the Lair.
  8832 | D:9      | Found a blossoming altar of Fedhas.
  8994 | D:9      | Found Jinnet's Weapon Shop.
  9018 | D:9      | Found a staircase to the Orcish Mines.
  9203 | D:9      | Reached skill level 16 in Axes
  9471 | D:9      | Found a sacrificial altar of Ru.
  9579 | D:9      | Found a shimmering altar of Xom.
  9651 | D:10     | Entered Level 10 of the Dungeon
  9651 | D:10     | Noticed Nergalle
  9939 | D:9      | Reached *** piety under Okawaru
 10084 | D:10     | Noticed Grum
 10266 | D:10     | Killed Grum
 10561 | D:10     | Noticed Maud
 10715 | Lair:1   | Entered Level 1 of the Lair of Beasts
 10715 | Lair:1   | Noticed a seven-headed hydra
 10792 | Orc:1    | Entered Level 1 of the Orcish Mines
 10951 | Orc:1    | Found a flagged portal.
 10978 | Bailey   | Entered a bailey
 10989 | Bailey   | Noticed an orc warlord
 11023 | Bailey   | Noticed an orc knight
 11046 | Bailey   | Killed an orc knight
 11046 | Bailey   | Reached XP level 11. HP: 79/93 MP: 9/11
 11062 | Bailey   | Found a runed gate.
 11062 | Bailey   | Found a runed gate.
 11063 | Bailey   | Found a runed gate.
 11330 | Bailey   | Killed an orc warlord
 11330 | Bailey   | Reached **** piety under Okawaru
 11330 | Bailey   | Reached skill level 5 in Dodging
 11366 | Bailey   | Got a pair of shimmering gloves
 11372 | Bailey   | Identified the +2 pair of gloves of the Shining Light {MP+9 Str-5 Dex+3 Stlth+} (You found it in a bailey)
 11405 | Orc:1    | Found a frozen archway.
 11448 | IceCv    | Entered an ice cave
 11817 | IceCv    | Reached ***** piety under Okawaru
 12027 | IceCv    | Noticed an ice devil
 12042 | IceCv    | Killed an ice devil
 13363 | Orc:2    | Found Tiaruaso's Jewellery Boutique.
 13557 | Orc:3    | Found Regig's Food Emporium.
 13614 | Orc:3    | Reached skill level 10 in Fighting
 13655 | Orc:4    | Entered Level 4 of the Orcish Mines
 13680 | Orc:3    | Received a gift from Okawaru
 13907 | Orc:4    | Reached XP level 12. HP: 102/106 MP: 12/12
 13940 | Orc:4    | Noticed JustSomeDude's ghost (journeyman DsMo)
 13942 | Orc:3    | Reached skill level 1 in Invocations
 14299 | Orc:4    | HP: 5/106 [JustSomeDude's ghost (2)]
 15029 | Orc:4    | Reached skill level 5 in Invocations
 15557 | Orc:2    | Found Fifudd's Antique Weapon Boutique.
 15768 | Orc:4    | Noticed an orc high priest
 15768 | Orc:4    | Noticed an orc high priest
 15797 | Orc:4    | Noticed an orc knight
 16476 | D:10     | Killed Nergalle
 16503 | D:10     | Noticed Erolcha
 16686 | D:10     | Got an iridescent hand axe
 17312 | Orc:4    | Killed JustSomeDude's ghost
 17406 | Orc:4    | Found a staircase to the Elven Halls.
 17482 | Orc:2    | Found a roughly hewn altar of Beogh.
 17485 | Orc:2    | Reached skill level 10 in Invocations
 17713 | Orc:3    | Found a roughly hewn altar of Beogh.
 17883 | Orc:4    | Killed an orc high priest
 17883 | Orc:4    | Reached skill level 10 in Armour
 18217 | Orc:3    | Killed an orc knight
 18679 | Orc:4    | Gained mutation: You evolve. [a neqoxec]
 18680 | Orc:4    | Gained mutation: Your natural rate of healing is unusually fast. [a neqoxec]
 18686 | Orc:3    | Reached XP level 13. HP: 69/114 MP: 20/20
 18838 | Orc:4    | Noticed an orc warlord
 18870 | Orc:4    | Killed an orc warlord
 18870 | Orc:4    | Received a gift from Okawaru
 18974 | Orc:4    | Noticed an orc knight
 18988 | Orc:4    | Killed an orc knight
 19049 | Orc:4    | Noticed an orc knight
 19074 | Orc:4    | Killed an orc high priest
 19087 | Orc:4    | Killed an orc knight
 19289 | Orc:4    | Noticed an orc high priest
 19295 | Orc:4    | Found Ralower's Antique Armour Emporium.
 19300 | Orc:4    | Noticed an orc high priest
 19304 | Orc:4    | Killed an orc high priest
 19308 | Orc:4    | Killed an orc high priest
 19311 | Orc:4    | Found Gaarrij's General Store.
 19311 | Orc:4    | Found Zosmeash's Book Emporium.
 19318 | Orc:4    | Received a gift from Okawaru
 19326 | Orc:4    | Got a twisted battleaxe {god gift}
 19358 | Orc:4    | Found Kiosti Guem's Antique Weapon Shoppe.
 19364 | Orc:4    | Bought a scroll of identify for 34 gold pieces
 19364 | Orc:4    | Bought a scroll of identify for 34 gold pieces
 19365 | Orc:4    | Identified the +11 battleaxe of Judgement {chop, rF+ Int+4 SInv} (Okawaru gifted it to you on level 4 of the Orcish Mines)
 19382 | Orc:4    | Bought an encrusted chain mail for 323 gold pieces
 19714 | D:9      | Identified the +8 chain mail of Toqoah {MP+9 Str+2 Int+2} (You bought it in a shop on level 4 of the Orcish Mines)
 19791 | D:10     | Gained mutation: Your mind is acute. (Int +2) [evolution]
 19800 | D:10     | Killed Erolcha
 19912 | D:10     | Killed Maud
 20175 | Lair:1   | Noticed a black mamba
 20180 | Lair:1   | Killed a black mamba
 20389 | Lair:1   | Killed an eight-headed hydra
 20389 | Lair:1   | Received a gift from Okawaru
 20389 | Lair:1   | Reached skill level 17 in Axes
 20864 | Lair:2   | Noticed Fannar
 20874 | Lair:2   | Killed Fannar
 20919 | Lair:2   | Found a glowing silver altar of Zin.
 21845 | Lair:3   | Got a steaming scale mail
 21934 | Lair:3   | Reached skill level 18 in Axes
 22348 | Lair:4   | Found a hole to the Spider Nest.
 22498 | Lair:4   | Reached XP level 14. HP: 124/124 MP: 21/21
 22697 | Lair:4   | Reached skill level 19 in Axes
 23439 | Lair:5   | Found a staircase to the Shoals.
 23443 | Lair:5   | Reached skill level 20 in Axes
 23741 | Lair:5   | Found a glowing silver altar of Zin.
 23813 | Lair:5   | Reached ****** piety under Okawaru
 23820 | Lair:5   | Received a gift from Okawaru
 24386 | Lair:6   | Found a staircase to the Slime Pits.
 24914 | Lair:7   | Noticed Snorg
 24926 | Lair:7   | Killed Snorg
 24931 | Lair:7   | Received a gift from Okawaru
 24938 | Lair:7   | Got a faintly glowing battleaxe {god gift}
 25096 | Lair:7   | Reached XP level 15. HP: 136/139 MP: 22/22
 25530 | Lair:8   | Entered Level 8 of the Lair of Beasts
 25536 | Lair:8   | Reached skill level 15 in Fighting
 26127 | Lair:8   | Received a gift from Okawaru
 26329 | Lair:8   | Identified the +6 battleaxe "Detots" {vamp, MR- Dex+7} (Okawaru gifted it to you on level 7 of the Lair of Beasts)
 26340 | Lair:8   | Identified the +1 scale mail of Watchfulness {rN++ Regen+ Str-2 Dex-4} (You found it on level 3 of the Lair of Beasts)
 26374 | Lair:8   | Lost mutation: You evolve. [end of evolution]
 26653 | Lair:8   | Noticed Kirke
 26664 | Lair:8   | Noticed a sphinx
 26664 | Lair:8   | Killed Kirke
 26826 | Lair:5   | Got a pitted wooden ring
 26828 | Lair:5   | Identified the ring "Baduvox" {+/*Tele rF+ Str+2 Int+2 Dex+4} (You found it on level 5 of the Lair of Beasts)
 27214 | Orc:1    | Identified the Catalogue of the Quantum Rocks
 27551 | D:11     | Found Ygoa's Book Emporium.
 28443 | D:12     | Noticed Gastronok
 28455 | D:12     | Killed Gastronok
 28506 | D:13     | Noticed Azrael
 28523 | D:13     | Killed Azrael
 28741 | D:13     | Reached XP level 16. HP: 151/151 MP: 23/23
 28803 | D:13     | Received a gift from Okawaru
 29162 | D:13     | Found a gate to the Vaults.
 29170 | D:13     | Cast into the Abyss (a wizard)
 29250 | Abyss:1  | Noticed an ancient lich
 29310 | Abyss:1  | Paralysed by an ancient lich for 2 turns
 29316 | Abyss:1  | Killed an ancient lich
 29316 | Abyss:1  | Reached skill level 10 in Dodging
 29517 | Abyss:1  | Noticed a tentacled starspawn
 29537 | Abyss:1  | Killed a tentacled starspawn
 29559 | Abyss:1  | Reached skill level 15 in Armour
 29599 | Abyss:1  | Found a corrupted altar of Lugonu.
 29651 | Abyss:1  | Noticed a tentacled starspawn
 29668 | Abyss:1  | Noticed an Executioner
 29677 | Abyss:1  | Killed an Executioner
 29679 | Abyss:1  | Killed a tentacled starspawn
 29756 | Abyss:1  | Noticed a tentacled starspawn
 29766 | Abyss:1  | Killed a tentacled starspawn
 29938 | Abyss:1  | Gained mutation: You are clumsy. (Dex -2) [a neqoxec]
 30290 | Abyss:1  | Noticed a tentacled monstrosity
 30406 | Abyss:1  | Got a bronze ring mail
 30443 | Abyss:1  | Reached XP level 17. HP: 141/160 MP: 24/24
 30467 | Abyss:1  | Received a gift from Okawaru
 30471 | Abyss:1  | Got a jewelled battleaxe {god gift}
 30473 | Abyss:1  | Noticed a tentacled starspawn
 30478 | Abyss:1  | Killed a tentacled starspawn
 30493 | Abyss:1  | Noticed a tentacled starspawn
 30505 | Abyss:1  | Killed a tentacled starspawn
 30510 | Abyss:1  | Noticed a tentacled starspawn
 30510 | Abyss:1  | Noticed a bone dragon
 30511 | Abyss:1  | Noticed an Executioner
 30511 | D:13     | Escaped the Abyss
 30648 | D:13     | Got a brightly glowing war axe
 30717 | D:14     | Noticed Josephine
 30725 | D:14     | Killed Josephine
 30881 | D:14     | Found Epleitob's Food Shoppe.
 31282 | D:15     | Entered Level 15 of the Dungeon
 31345 | D:15     | Identified the cursed +0 ring mail of Shadows and Fog {Int+4} (You found it on level 1 of the Abyss)
 31345 | D:15     | Identified the +8 battleaxe "Lucsos" {freeze, +Fly rElec Str+9 Stlth+} (Okawaru gifted it to you on level 1 of the Abyss)
 31346 | D:15     | Identified the +1 war axe "Killer Bee's Peril" {holy, rElec rF+ rN++ Dex-3} (You found it on level 13 of the Dungeon)
 31575 | D:15     | Found a radiant altar of Vehumet.
 31678 | D:15     | Received a gift from Okawaru
 31737 | D:15     | Found a basalt altar of Yredelemnul.
 32252 | D:15     | Found a staircase to the Depths.
 32979 | Shoals:1 | Entered Level 1 of the Shoals
 33095 | Shoals:1 | HP: 3/163 [merfolk javelineer/javelin (7)]
 33101 | Shoals:1 | HP: 3/163 [poisoned by a merfolk impaler]
 33101 | Shoals:1 | Hit by a javelin thrown by a merfolk javelineer

Action                   |  1- 3 |  4- 6 |  7- 9 | 10-12 | 13-15 | 16-18 || total
-------------------------+-------+-------+-------+-------+-------+-------++-------
Melee: War axe           |    67 |   182 |   349 |   972 |    93 |       ||  1663
       Battleaxe         |       |       |   173 |       |   923 |   679 ||  1775
 Fire: Blowgun           |       |       |       |    11 |     2 |       ||    13
Throw: Stone             |       |       |     1 |       |       |       ||     1
       Tomahawk          |       |       |     4 |    32 |    25 |       ||    61
       Throwing net      |       |       |     3 |     1 |       |       ||     4
       Javelin           |       |       |       |     8 |     9 |       ||    17
Invok: Heroism           |       |       |     1 |     5 |     7 |     4 ||    17
       Finesse           |       |       |       |     1 |     1 |     2 ||     4
Evoke: Wand              |       |       |       |       |       |     1 ||     1
  Use: Scroll            |       |       |       |    11 |    11 |     8 ||    30
       Potion            |       |       |       |       |       |     1 ||     1
 Stab: Held in net/web   |       |       |       |     3 |       |       ||     3
       Sleeping          |       |       |       |     2 |       |       ||     2
       Distracted        |       |       |       |     1 |     1 |       ||     2
  Eat: Chunk             |       |     6 |    19 |    39 |    35 |    10 ||   109
       Pizza             |       |       |     1 |       |       |       ||     1
       Beef jerky        |       |       |       |       |       |     1 ||     1
